 Dungeon Crawl Stone Soup version 0.26-a0-597-gb535b0901c (webtiles) character file.

Game seed: 12075544259725577057

337 Lugonue the Stinger (level 6, 40/42 HPs)
             Began as a Demonspawn Venom Mage on Sept 4, 2020.
             Quit the game on level 4 of the Dungeon.
             The game lasted 00:07:00 (4188 turns).

Lugonue the Stinger (Demonspawn Venom Mage)         Turns: 4188, Time: 00:07:00

Health: 40/42      AC:  3    Str: 10    XL:     6   Next: 28%
Magic:  9/11       EV: 16    Int: 16    God:
Gold:   207        SH:  0    Dex: 14    Spells: 2/12 levels left

rFire    . . .     SeeInvis .   j - +3 dagger
rCold    . . .     Faith    .   (no shield)
rNeg     . . .     Spirit   .   a - +0 robe
rPois    +         Reflect  .   (helmet restricted)
rElec    .         Harm     .   f - +0 cloak (curse)
rCorr    .                      (no gloves)
MR       .....                  (no boots)
Stlth    ++........             (no amulet)
HPRegen  0.14/turn              (no ring)
MPRegen  0.12/turn              q - ring of poison resistance

@: no status effects
A: antennae 1, repulsion field 2, powered by pain 1
a: no special abilities


You were on level 4 of the Dungeon.
You visited 1 branch of the dungeon, and saw 4 of its levels.

You collected 207 gold pieces.

Inventory:

Hand Weapons
 b - a +1 dagger of speed
 j - a +3 dagger (weapon)
 k - a +1 dagger of pain
Armour
 a - a +0 robe (worn)
 f - a cursed +0 cloak (worn)
Jewellery
 q - a ring of poison resistance (right hand)
Wands
 n - a wand of iceblast (3)
Scrolls
 e - a scroll of remove curse {unknown}
 h - 4 scrolls of identify {unknown}
 i - 2 scrolls of random uselessness {unknown}
 l - 2 scrolls of fear {unknown}
 m - a scroll of enchant weapon {unknown}
 o - a scroll of teleportation {unknown}
 p - a scroll of fog {unknown}
Potions
 c - a potion of degeneration {unknown}
 d - a potion of flight {unknown}
 g - a potion of cancellation {unknown}
 r - a potion of heal wounds {unknown}
 s - a potion of might {unknown}


   Skills:
 + Level 0.3 Fighting
 + Level 0.4 Short Blades
 + Level 2.5 Dodging
 + Level 2.3 Stealth
 + Level 3.7 Spellcasting
 + Level 2.0 Transmutations
 + Level 1.6 Air Magic
 + Level 4.4 Poison Magic
 + Level 0.1 Evocations


You had 2 spell levels left.
You knew the following spells:

 Your Spells              Type           Power        Failure   Level
a - Sting                 Tmut/Pois      ##..         4%          1
b - Poisonous Vapours     Pois/Air       ##....       8%          2
c - Olgreb's Toxic Radia  Pois           ###.....     28%         4
d - Ignite Poison         Fire/Tmut/Pois #.......     22%         3

Your spell library contained the following spells:

 Spells                   Type           Power        Failure   Level
 Mephitic Cloud           Conj/Pois/Air  #.......     22%         3


Dungeon Overview and Level Annotations

Branches:
Dungeon (4/15)
 Temple: D:4-7

Altars:
Fedhas
Kikubaaqudgha

Annotations:
D:4 Sigmund


Innate Abilities, Weirdness & Mutations

You have a pair of small antennae on your head.
You are surrounded by a moderate repulsion field. (EV +3)
You sometimes gain a little power by taking damage.


Message History

Casting: Sting (safe; 4% risk of failure)
Confirm with . or Enter, or press ? or * to list all spells.
Aiming: Sting (safe; 4% risk of failure)
Press: ? - help, Shift-Dir - straight line, f/p - phantom
Aim: a phantom (almost destroyed)
The sting misses the phantom.
The phantom blinks!
Evoke which item? (* to show all) (? for menu, Esc to quit)
Aiming: Iceblast
Press: ? - help, Shift-Dir - straight line, f/p - phantom
Aim: a phantom (almost destroyed)
The mass of ice explodes!
The iceblast engulfs the phantom.
The phantom partially resists.
You destroy the phantom!
Your Transmutations skill increases to level 2!
You have reached level 6!
Your experience leads to an increase in your attributes!
Increase (S)trength, (I)ntelligence, or (D)exterity?
You feel stronger.
Your demonic ancestry asserts itself...
A pair of antennae grows on your head!
Are you sure you want to abandon this character and quit the game? (Confirm with "yes".)

### ##[## ##.#.##
##.###.######## ###
#.##........... ..#
##.#.#..#####.# #.# ##....#.##
#ยง# #.# ##..###.#
#.#####.#####.## ######.#.#.##
#.@(............
..........#####..####.##.#..#.
######.#.........# #... #
#.#.######.)# ####.# #.#.#
#..# .. #.#.# #.... ?# #)#.#
##.### . #.#.# #.. #.#.# ####


There were no monsters in sight!

Vanquished Creatures
  A phantom (D:4)
  An orc wizard (D:3)
  An iguana (D:4)
  Ijyb (D:3)
  A worker ant (D:4)
  3 gnolls
  4 adders
  3 dart slugs
  2 leopard geckos
  8 orcs (D:3)
  10 bats
  A giant cockroach (D:3)
  7 goblins
  6 hobgoblins
  7 jackals (D:2)
  5 kobolds
  A quokka (D:4)
  A ball python (D:2)
  4 frilled lizards
  8 rats
75 creatures vanquished.

Notes
Turn   | Place    | Note
-------+----------+-------------------------------------------
     0 | D:1      | Lugonue the Demonspawn Venom Mage began the quest for the
                  | Orb.
     0 | D:1      | Reached XP level 1. HP: 13/13 MP: 3/3
   314 | D:1      | Reached skill level 1 in Transmutations
   407 | D:1      | Gained mutation: You are surrounded by a mild repulsion
                  | field. (EV +2) [demonic ancestry]
   407 | D:1      | Reached XP level 2. HP: 19/19 MP: 1/5
   905 | D:1      | Learned a level 2 spell: Poisonous Vapours
   914 | D:1      | Reached XP level 3. HP: 24/24 MP: 2/6
  1768 | D:2      | Found an ancient bone altar of Kikubaaqudgha.
  1775 | D:2      | Gained mutation: You sometimes gain a little power by
                  | taking damage. [demonic ancestry]
  1775 | D:2      | Reached XP level 4. HP: 30/30 MP: 4/8
  2301 | D:3      | Noticed Ijyb
  2315 | D:3      | Killed Ijyb
  2395 | D:3      | Reached skill level 4 in Poison Magic
  2532 | D:3      | Found a blossoming altar of Fedhas.
  2593 | D:3      | Reached skill level 1 in Air Magic
  2593 | D:3      | Gained mutation: You are surrounded by a moderate repulsion
                  | field. (EV +3) [demonic ancestry]
  2593 | D:3      | Reached XP level 5. HP: 19/35 MP: 3/9
  3435 | D:3      | Found a faded altar of an unknown god.
  3633 | D:3      | Learned a level 4 spell: Olgreb's Toxic Radiance
  3774 | D:4      | Noticed Sigmund
  3782 | D:4      | Learned a level 3 spell: Ignite Poison
  4165 | D:4      | Noticed a phantom
  4187 | D:4      | Killed a phantom
  4187 | D:4      | Gained mutation: You have a pair of small antennae on your
                  | head. [demonic ancestry]
  4187 | D:4      | Reached XP level 6. HP: 40/42 MP: 9/11
  4188 | D:4      | Quit the game

Illustrated notes

Levels and vault maps discovered:
D:1:      minmay_arrival_loop, layout_loops_cross, dk_noncrumbling_3
D:2:      layout_basic, overflow_temple_1_default
D:3:      layout_basic, fedhas_altar_1, chequers_ecumenical_altar_grove,
          uniq_ijyb
D:4:      layout_loops_ring, minmay_temple_entry_junction_2,
          uniq_crazy_yiuf_cottage, uniq_duvessa, uniq_sigmund

Skill      XL: |  1  2  3  4  5 |
---------------+----------------+-----
Transmutations | 1 2 |  2.0
Dodging        | 2 |  2.5
Spellcasting   | 3 |  3.7
Poison Magic   | 4 |  4.4
Air Magic      | 1 |  1.6
Stealth        | 2 |  2.3
Fighting       | |  0.3
Short Blades   | |  0.4
Evocations     | |  0.1

Action                   |  1- 3 |  4- 6 || total
-------------------------+-------+-------++-------
Melee: Unarmed           |     8 |       ||     8
       Dagger            |       |   104 ||   104
 Cast: Sting             |    48 |    30 ||    78
       Poisonous Vapours |     8 |    15 ||    23
Evoke: Wand              |       |     4 ||     4
 Stab: Sleeping          |       |     2 ||     2
Armor: Robe              |    14 |    24 ||    38
Dodge: Dodged            |    43 |   117 ||   160

Table legend: (Time is in decaauts)
 A = Elapsed time spent in this place.
 B = Non-inter-level travel time spent in this place.
 C = Inter-level travel time spent in this place.
 D = Time resting spent in this place.
 E = Time spent auto-exploring this place.
 F = Levels seen in this place.
 G = Mean time per level.
                   A        B        C        D        E       F      G
               +--------+--------+--------+--------+--------+-----+--------+
         Total |   4186 |   3952 |    234 |    100 |   3087 |   4 | 1046.5 |
       Dungeon |   4186 |   3952 |    234 |    100 |   3087 |   4 | 1046.5 |
               +--------+--------+--------+--------+--------+-----+--------+

Top non-repeatable levels by time:
     D:3: 1542 daAuts
     D:2: 1206 daAuts
     D:1: 1088 daAuts
     D:4: 349 daAuts
